 Dungeon Crawl Stone Soup version 0.30-a0-57-g8b159a9891 (webtiles) character file.

Game seed: 5212891975998093240

21 Malachi the Sneak (level 2, 0/22 HPs)
             Began as a Demonspawn Brigand on Sept 12, 2022.
             Slain by a gnoll
             ... wielding a +0 whip
              (4 damage)
             ... on level 2 of the Dungeon.
             The game lasted 00:01:04 (1299 turns).

Malachi the Sneak (Demonspawn Brigand)              Turns: 1299, Time: 00:01:05

Health: 0/22       AC:  4    Str: 11    XL:     2   Next: 65%
Magic:  2/2        EV: 11    Int: 12    God:
Gold:   72         SH:  0    Dex: 14    Spells: 1/1 levels left

rFire   . . .      SeeInvis .    a - +2 dagger
rCold   . . .      Faith    .    (no shield)
rNeg    . . .      Spirit   .    b - +0 robe
rPois   .          Reflect  .    q - +0 helmet
rElec   .          Harm     .    c - +0 cloak
rCorr   .          Rampage  .    (no gloves)
Will    .....                    (no boots)
Stlth   ++........               (no amulet)
HPRegen 0.07/turn                (no ring)
MPRegen 0.08/turn                (no ring)

@: about to teleport
A: powered by pain 1
a: no special abilities


You were on level 2 of the Dungeon.
You visited 1 branch of the dungeon, and saw 2 of its levels.

You collected 72 gold pieces.

Inventory:

Hand Weapons
 a - a +2 dagger (weapon)
Missiles
 d - 9 poisoned darts (quivered)
 e - 3 curare-tipped darts
Armour
 b - a +0 robe (worn)
 c - a +0 cloak (worn)
 q - a +0 helmet (worn)
Jewellery
 h - a ring of magical power
 n - a ring of willpower
Scrolls
 i - a scroll of identify {unknown}
 j - a scroll of blinking {unknown}
 k - a scroll of magic mapping {unknown}
 l - a scroll of amnesia {unknown}
 m - a scroll of fear {unknown}
 p - 2 scrolls of vulnerability {unknown}
Potions
 f - a potion of degeneration {unknown}
 o - 3 potions of brilliance {unknown}


   Skills:
 - Level 2.0 Fighting
 + Level 3.0 Short Blades
 - Level 1.7 Throwing
 - Level 0.8 Dodging
 - Level 3.6 Stealth


You had one spell level left.
You didn't know any spells.
Your spell library contained the following spells:

 Spells                   Type           Power      Damage    Failure   Level
 Conjure Flame            Conj/Fire      0%         6-21      69%         3
 Ignite Poison            Fire/Tmut/Pois 0%         N/A       69%         3
 Sticky Flame             Conj/Fire      0%         2d3       97%         4


Dungeon Overview and Level Annotations

Branches:
Dungeon (2/15)

Altars:


Innate Abilities, Weirdness & Mutations

You sometimes gain a little power by taking damage.


Message History

Search for what [? for help]? armor You see here 3 stones.
There is an open door here.
You see here a +0 helmet.
q - a +0 helmet You start putting on your armour.
You continue putting on your +0 helmet. x4
You finish putting on your +0 helmet.
Unknown command.
Unknown command.
There is an open door here.
There is an escape hatch in the floor here.
You slide downwards.
The hatch slams shut behind you.
Found three items.
You now have 72 gold pieces (gained 8).
o - 3 bubbling amethyst potions (gained 2)
A gnoll comes into view. It is wielding a +0 club.
The gnoll shouts!
You hear a shout! x3
A gnoll is nearby!
A gnoll is nearby!
A gnoll comes into view. It is wielding a +0 whip.
A rat and 2 gnolls come into view.
The gnoll hits you with a +0 whip. The gnoll hits you with a +0 club!
The rat moves out of view.
The gnoll moves out of view.
You are too injured to fight recklessly!
You are too injured to fight recklessly!
The gnoll attacks as you move away! The gnoll closely misses you.
The gnoll attacks as you move away! The gnoll misses you.
You open the door.
The rat twitches its whiskers.
The gnoll closely misses you.
There is an open door here.
The gnoll attacks as you move away! The gnoll hits you with a +0 whip.
* * * LOW HITPOINT WARNING * * *
A hobgoblin comes into view.
Found a cloak and 11 gold pieces.
As you read the scroll labelled KULULU SIARODGHYZAM, it crumbles to dust.
You feel strangely unstable.
It was a scroll of teleportation.
The gnoll closely misses you. The gnoll attacks as you move away!
The gnoll hits you with a +0 whip.
You die...

.........# .
.........#.
.......$.#.
..........
#............#
#............+
#........g...#####
#..g.......@.#...#
#.....[....g.#...#
#....######.g....+
#...?######g##...#
#....r.gg..g.....#
#................#
#..............###
#..............#
#....######.......#


You could see 4 gnolls and a hobgoblin.

Vanquished Creatures
  2 ball pythons (D:1)
  3 bats (D:1)
  3 giant cockroaches (D:1)
  4 hobgoblins (D:1)
  3 kobolds (D:1)
  A quokka (D:1)
  A frilled lizard (D:1)
  A rat (D:1)
18 creatures vanquished.

Notes
Turn   | Place    | Note
-------+----------+-------------------------------------------
     0 | D:1      | Malachi the Demonspawn Brigand began the quest for the Orb.
     0 | D:1      | Reached XP level 1. HP: 16/16 MP: 1/1
   296 | D:1      | Gained mutation: You sometimes gain a little power by
                  | taking damage. [demonic ancestry]
   296 | D:1      | Reached XP level 2. HP: 20/22 MP: 2/2
   782 | D:1      | Found a faded altar of an unknown god.
  1299 | D:2      | Slain by a gnoll

Illustrated notes

Levels and vault maps discovered:
D:1:      sevenhm_arrival_forest_fort_large_4, layout_basic,
          shapermc_ecumenical_altar_flowoftime, minmay_hexomino_p4
D:2:      layout_basic, kennysheep_doodads, uniq_natasha, uniq_robin

Skill      XL: |  1  2 |
---------------+-------+-----
Short Blades   | 2 3 |  3.0
Fighting       | |  2.0
Throwing       | |  1.7
Dodging        | |  0.8
Stealth        | |  3.6

Action                   || total
-------------------------++-------
Melee: Dagger            ||    62
  Use: Scroll            ||     1
 Stab: Sleeping          ||     4
Armor: Robe              ||    14
Dodge: Dodged            ||    36

Table legend: (Time is in decaauts)
 A = Elapsed time spent in this place.
 B = Non-inter-level travel time spent in this place.
 C = Inter-level travel time spent in this place.
 D = Time resting spent in this place.
 E = Time spent auto-exploring this place.
 F = Levels seen in this place.
 G = Mean time per level.
                   A        B        C        D        E       F      G
               +--------+--------+--------+--------+--------+-----+--------+
         Total |   1291 |   1204 |     87 |      0 |   1032 |   2 |  645.5 |
       Dungeon |   1291 |   1204 |     87 |      0 |   1032 |   2 |  645.5 |
               +--------+--------+--------+--------+--------+-----+--------+

Top non-repeatable levels by time:
     D:1: 1256 daAuts
     D:2: 35 daAuts
